Map: Coda LE (Void)

Players

Jay - Winner!

  • Race: Zerg Zerg
  • League: Grandmaster

DangaZone

  • Race: Protoss Protoss
  • League: Grandmaster

VOD

Have the link to the VOD?

Description

Time

  • Played on: June 30, 2015, 6:31 p.m.
  • Length: 4:49
Show
View Real Time Build Order
Export as new Build Order

Jay Zerg - Winner!

Build Orders: Hatch First 

Get SALT Encoding   

  12  0:01  Drone  
  13  0:09  Drone  
  14  0:21  Extractor  
  14  0:22  Drone, Extractor  
  14  0:23  Drone  
  16  0:43  Hatchery  
  15  0:50  Overlord  
  15  1:05  Spawning Pool  
  15  1:09  Drone  
  15  1:11  Extractor  
  15  1:14  Drone  
  15  1:19  Drone  
  15  1:23  Drone  
  17  1:32  Drone  
  18  1:53  Queen  
  20  1:54  Zergling x2  
  20  2:00  Drone x2  
  23  2:04  Zergling x2  
  24  2:10  Queen  
  26  2:30  Drone x2  
  26  2:32  Metabolic Boost  
  28  2:38  Overlord  
  28  2:46  Overlord  
  28  3:00  Pneumatized Carapace  
  28  3:01  Drone  
  28  3:02  Drone x2  
  28  3:05  Overlord  
  31  3:19  Zergling x8  
  35  3:20  Zergling x2  
  36  3:30  Zergling x6  
  39  3:36  Zergling x4  
  39  3:37  Zergling x2  
  39  3:41  Zergling x2  
  43  3:42  Zergling x2  
  43  3:45  Zergling x2  
  45  3:51  Zergling x6  
  45  3:54  Zergling x2  
  47  4:10  Zergling x6  
  47  4:14  Zergling x6  
  51  4:19  Zergling x4  
  51  4:26  Zergling x2  
  52  4:41  Hatchery  
Show
View Real Time Build Order
Export as new Build Order

DangaZone Protoss 

Build Orders:  

Get SALT Encoding   

  12  0:08  Probe  
  13  0:20  Probe, Pylon  
  14  0:38  Probe (Chrono Boost)  
  16  0:50  Probe (Chrono Boost)  
  16  0:56  Probe (Chrono Boost)  
  17  1:06  Nexus  
  17  1:09  Probe  
  18  1:24  Forge  
  18  1:37  Gateway  
  18  1:40  Pylon  
  18  1:46  Pylon  
  18  1:52  Probe  
  19  2:04  Photon Cannon  
  19  2:05  Probe  
  20  2:13  Photon Cannon  
  19  2:33  Photon Cannon  
  19  2:36  Probe x2  
  21  2:40  Assimilator  
  21  2:44  Cybernetics Core  
  21  2:45  Assimilator  
  21  2:46  Zealot (Chrono Boost)  
  21  2:48  Probe x2  
  25  3:00  Probe (Chrono Boost)  
  25  3:01  Probe (Chrono Boost)  
  27  3:12  Probe (Chrono Boost)  
  31  3:13  Probe (Chrono Boost)  
  31  3:19  Probe (Chrono Boost)  
  33  3:20  Probe (Chrono Boost)  
  33  3:25  Pylon  
  33  3:30  Mothership Core (Chrono Boost)  
  34  3:35  Probe (Chrono Boost)  
  34  3:37  Assimilator  
  34  3:39  Assimilator  
  34  3:41  Probe  
  34  3:44  Probe  
  34  3:47  Robotics Facility  
  36  3:53  Probe  
  37  3:56  Probe  
  38  4:06  Probe  
  38  4:08  Probe  
  36  4:34  Probe x2  
Tags
 
Add a new tag
Caveats
  • Supply blocks, unpowered buildings, or Contaminate may cause inaccurate times.
  • Supply counts are checked every 10 seconds.